 Dungeon Crawl Stone Soup version 0.26-a0-490-gf8362a0c98 (webtiles) character file.

Game seed: 4760308019340975004

192 ANON1729 the Skirmisher (level 5, -1/40 HPs)
             Began as a Palentonga Delver on Aug 4, 2020.
             Was an Initiate of Hepliaklqana.
             Killed from afar by an orc wizard (10 damage)
             ... with a puff of frost
             ... on level 3 of the Dungeon.
             The game lasted 00:04:20 (2000 turns).

ANON1729 the Skirmisher (Palentonga Delver)         Turns: 2000, Time: 00:04:21

Health: -1/40      AC:  4    Str: 17    XL:     5   Next: 42%
Magic:  14/14      EV: 10    Int: 10    God:    Hepliaklqana [......]
Gold:   68         SH:  0    Dex: 11    Spells: 4/4 levels left

rFire    . . .     SeeInvis +   a - +0 falchion
rCold    . . .     Faith    .   (no shield)
rNeg     . . .     Spirit   .   b - +0 leather armour
rPois    .         Reflect  .   (no helmet)
rElec    .         Harm     .   (no cloak)
rCorr    .                      (no gloves)
MR       .....                  (boots restricted)
Stlth    ++........             (no amulet)
HPRegen  0.13/turn              h - ring of magical power
MPRegen  0.14/turn              (no ring)

@: no status effects
A: large, reduced essence, rugged brown scales 3, see invisible, deformed body,
roll, armoured tail
a: Rolling Charge, Recall Ancestor, Ancestor Identity, Renounce Religion


You were on level 3 of the Dungeon.
You worshipped Hepliaklqana.
Hepliaklqana was noncommittal.
You visited 2 branches of the dungeon, and saw 4 of its levels.

You collected 68 gold pieces.

Inventory:

Hand Weapons
 a - a +0 falchion (weapon)
Armour
 b - a +0 leather armour (worn)
Jewellery
 h - a ring of magical power (left hand)
Wands
 g - a wand of digging (3)
Scrolls
 c - a scroll of fog
 d - a scroll of magic mapping
 e - a scroll of fear
 i - a scroll of teleportation {unknown}
 k - a scroll of identify {unknown}
Potions
 f - 2 potions of haste
 j - a potion of curing {unknown}


   Skills:
 + Level 4.0 Fighting
 + Level 3.3 Long Blades
 + Level 2.7 Dodging
 + Level 4.0 Stealth


You had 4 spell levels left.
You didn't know any spells.
Your spell library was empty.

Dungeon Overview and Level Annotations

Branches:
Dungeon (5/15)             Temple (1/1) D:4

Altars:
Ashenzari
Cheibriados
Dithmenos
Elyvilon
Fedhas
Gozag
Hepliaklqana
Kikubaaqudgha
Makhleb
Nemelex Xobeh
Okawaru
Qazlal
Ru
Sif Muna
Trog
Uskayaw
Vehumet
Wu Jian
Xom
Yredelemnul
Zin

Annotations:
D:5 1 runed translucent door


Innate Abilities, Weirdness & Mutations

You are completely covered in rugged brown scales. (AC +3, +7% HP)
You have supernaturally acute eyesight. (SInv)
Armour fits poorly on your strangely shaped body.
You can roll at foes to attack.
You have a long armoured tail.
Your life essence is reduced to manifest your ancestor. (-10% HP)


Message History

The orc wizard gestures at you while chanting.
The magic dart hits you! The orc hits you with a +0 flail.
The orc wizard hits you with a cursed -3 dagger.
The orc priest mumbles some strange prayers to Beogh against you.
Beogh smites you!
* * * LOW HITPOINT WARNING * * *
You climb upwards.
There is a stone staircase leading down, spattered with blood here.
You swap places.
You swap places.
The orc hits you with a +0 flail.
* * * LOW HITPOINT WARNING * * *
The orc wizard gestures wildly while chanting.
The orc wizard seems to speed up.
Ahmose hits the orc.
There is a stone staircase leading down, spattered with blood here.
You hit the orc.
You kill the orc!
The orc wizard points at you and mumbles some strange words.
The puff of frost hits you!
You die...

##+## ##...##
###
##.....##...
##[......#.#
#...†......###
+...[......<..
#....@o....##
##....R..#.#
##.....## ..
##...## #
##+##


You could see the friendly Ahmose the ancestor and an orc wizard (fast).

Vanquished Creatures
  A phantom (Temple)
  A worker ant (D:4)
  An orc wizard (Temple)
  A dart slug (D:4)
  A leopard gecko (D:4)
  6 orcs
  3 jackals
  A quokka (D:3)
  A goblin (D:3)
16 creatures vanquished.

Vanquished Creatures (collateral kills)
  An orc wizard (D:3)
  2 orcs
  A jackal (D:4)
4 creatures vanquished.

Vanquished Creatures (others)
  3 ancestors (D:4)
3 creatures vanquished.

Grand Total: 23 creatures vanquished

Notes
Turn   | Place    | Note
-------+----------+-------------------------------------------
     0 | D:5      | ANON1729 the Palentonga Delver began the quest for the Orb.
     0 | D:5      | Reached XP level 1. HP: 19/19 MP: 1/1
    48 | D:5      | Noticed an orc priest
    50 | D:5      | Noticed an orc wizard
    73 | D:4      | Found a staircase to the Ecumenical Temple.
    87 | Temple   | Entered the Ecumenical Temple
   135 | Temple   | Became a worshipper of Hepliaklqana the Forgotten
   402 | D:4      | Noticed a phantom
   411 | D:4      | Reached XP level 2. HP: 13/23 MP: 2/2
   961 | Temple   | Reached XP level 3. HP: 20/28 MP: 3/3
  1202 | Temple   | Killed a phantom
  1202 | Temple   | Reached XP level 4. HP: 15/35 MP: 4/4
  1494 | D:4      | Reached XP level 5. HP: 21/40 MP: 5/5
  2000 | D:3      | Killed from afar by an orc wizard

Illustrated notes

Levels and vault maps discovered:
D:3:      layout_loops_corners, okawaru_metal_pillars_1_2
D:4:      layout_gridville, minmay_temple_entry_ruins
D:5:      layout_loops_corners, ebering_ghost_sewer_d,
          hangedman_abyss_or_decor_lesser_grid
Temple:   nicolae_temple_the_god_donut

Skill      XL: |  1  2  3  4  5 |
---------------+----------------+-----
Dodging        | 2 |  2.7
Long Blades    | 3 |  3.3
Fighting       | 4 |  4.0
Stealth        | 4 |  4.0

Action                   |  1- 3 |  4- 6 || total
-------------------------+-------+-------++-------
Melee: Falchion          |    34 |    31 ||    65
       Tailslap          |     5 |     1 ||     6
 Abil: Rolling Charge    |     9 |     1 ||    10
 Stab: Sleeping          |     1 |       ||     1
Armor: Leather armour    |     8 |    14 ||    22
Dodge: Dodged            |    15 |    22 ||    37
       Rpst.: Falchion   |     5 |     6 ||    11

Table legend: (Time is in decaauts)
 A = Elapsed time spent in this place.
 B = Non-inter-level travel time spent in this place.
 C = Inter-level travel time spent in this place.
 D = Time resting spent in this place.
 E = Time spent auto-exploring this place.
 F = Levels seen in this place.
 G = Mean time per level.
                   A        B        C        D        E       F      G
               +--------+--------+--------+--------+--------+-----+--------+
         Total |   2019 |   1971 |     48 |   1316 |    409 |   4 |  504.8 |
       Dungeon |    723 |    722 |      1 |    420 |    144 |   3 |  241.0 |
        Temple |   1296 |   1249 |     47 |    896 |    265 |   1 | 1296.0 |
               +--------+--------+--------+--------+--------+-----+--------+

Top non-repeatable levels by time:
  Temple: 1296 daAuts
     D:4: 524 daAuts
     D:3: 145 daAuts
     D:5: 53 daAuts
